 Dungeon Crawl Stone Soup version 0.31-a0-691-g409c26aa35 (webtiles) character file.

Game seed: 16091036506428766081

36 Dordric the Insei (level 3, -3/20 HPs)
             Began as a Tengu Shapeshifter on Sept 7, 2023.
             Was a Follower of Vehumet.
             Succumbed to an adder's poison
             ... on level 2 of the Dungeon.
             The game lasted 00:01:42 (773 turns).

Dordric the Insei (Tengu Shapeshifter)               Turns: 773, Time: 00:01:42

Health: -3/20      AC:  2    Str: 14    XL:     3   Next: 37%
Magic:  1/4        EV:  9    Int: 10    God:    Vehumet [*.....]
Gold:   49         SH:  0    Dex: 15    Spells: 1/2 levels left

rFire   . . .        i - +3 whip
rCold   . . .        (no shield)
rNeg    . . .        a - +0 animal skin
rPois   .            (helmet currently unavailable)
rElec   .            (cloak currently unavailable)
rCorr   .            (gloves currently unavailable)
SInv    .            (boots unavailable)
Will    .....        (no amulet)
Stlth   +            (no ring)
HPRegen 0.23/turn    (no ring)
MPRegen 0.09/turn

%: acrobat
@: lethally poisoned (-3 -> -20), beast-form, acrobatic, constricted
A: beast (slay +1), beak, talons 3, acrobatic
a: Begin Untransformation, Renounce Religion


You were on level 2 of the Dungeon.
You worshipped Vehumet.
Vehumet was aware of your devotion.
You were a hulking beast.
You visited 1 branch of the dungeon, and saw 2 of its levels.

You collected 49 gold pieces.

Inventory:

Hand Weapons
 i - a +3 whip (weapon)
Armour
 a - a +0 animal skin (worn)
Jewellery
 l - a +6 ring of strength
Talismans
 c - a beast talisman (active)
 d - a flux talisman
Scrolls
 f - a scroll of amnesia {unknown}
 g - a scroll of identify {unknown}
 j - a scroll of revelation {unknown}
 m - a scroll of butterflies {unknown}
Potions
 b - a potion of lignification
 e - 2 potions of might {unknown}
 h - 2 potions of magic {unknown}
 k - a potion of haste {unknown}


   Skills:
 - Level 1.0 Fighting
 - Level 2.1 Dodging
 + Level 4.1 Unarmed Combat
 + Level 3.2 Shapeshifting


You had one spell level left.
You knew the following spells:

 Your Spells              Type           Power      Damage    Failure   Level
a - Freeze                Ice            0%         1d3       36%         1

Your spell library contained the following spells:

 Spells                   Type           Power      Damage    Failure   Level


Dungeon Overview and Level Annotations

Branches:
Dungeon (2/15)

Altars:
Vehumet

Annotations:
D:2 Terence


Innate Abilities, Weirdness & Mutations

You are a hulking beast.
Your limbs bulge with bestial killing power. (Slay +1)
You have a beak for a mouth.
You have claws for feet.
You can magically evade attacks while moving or waiting.


Message History

The adder is lightly wounded.
The adder seems to slow down.
The adder is no longer moving slowly.
Terence hits you with a +0 trident!
Ouch! That really hurt!
The kobold throws a poisoned dart.
The poisoned dart hits you!
You are poisoned.
You are too injured to fight recklessly!
You are too injured to fight recklessly!
Casting: Freeze (safe; 36% risk of failure)
Confirm with . or Enter, or press ? or * to list all spells.
Aiming: Freeze (safe; 36% risk of failure)
Press: ? - help, Shift-Dir - straight line, f/p - adder
Aim: an adder (lightly wounded)
You freeze the adder.
The adder is moderately wounded.
The adder seems to slow down.
You feel very sick. The adder closely misses you. Terence closely misses you.
The kobold throws a poisoned dart.
The poisoned dart hits you!
You are lethally poisoned!
Casting: Freeze (safe; 36% risk of failure)
Confirm with . or Enter, or press ? or * to list all spells.
Aiming: Freeze (safe; 36% risk of failure)
Press: ? - help, Shift-Dir - straight line, f/p - adder
Aim: an adder (moderately wounded, slow)
You freeze the adder.
The adder is heavily wounded.
* * * LOW HITPOINT WARNING * * *
You feel very sick. The ball python barely misses you.
The ball python grabs you. The ball python constricts you. The adder bites you.
* * * LOW HITPOINT WARNING * * *
You are more poisoned.
The adder poisons you! Terence barely misses you. The ball python bites you.
* * * LOW HITPOINT WARNING * * *
The ball python constricts you.
* * * LOW HITPOINT WARNING * * *
Unknown command.
Unknown command.
You die...

## .. # ..##.##
.#
.......##..##.#
#..KhS......
#..S.@......
#...###..#..
..... .# ##..
#.##..# .. #..#
. ... #. #...
###. #..# #.
#..#


You could see Terence, an adder (slow), a ball python and a kobold.

Vanquished Creatures
  A gnoll (D:1)
  2 ball pythons (D:1)
  4 bats
  4 endoplasms (D:1)
  3 giant cockroaches (D:1)
  2 hobgoblins
  2 frilled lizards (D:1)
  3 goblins
  2 kobolds (D:1)
  2 rats (D:1)
25 creatures vanquished.

Notes
Turn   | Place    | Note
-------+----------+-------------------------------------------
     0 | D:1      | Dordric the Tengu Shapeshifter began the quest for the Orb.
     0 | D:1      | Reached XP level 1. HP: 12/12 MP: 2/2
   129 | D:1      | Reached XP level 2. HP: 16/16 MP: 3/3
   275 | D:1      | Found a faded altar of an unknown god.
   298 | D:1      | Prayed at the altar of an unknown god.
   298 | D:1      | Became a worshipper of Vehumet
   298 | D:1      | Reached * piety under Vehumet
   298 | D:1      | Offered knowledge of Freeze by Vehumet.
   392 | D:1      | Learned a level 1 spell: Freeze
   425 | D:1      | Reached XP level 3. HP: 20/20 MP: 4/4
   443 | D:1      | Reached skill level 4 in Unarmed Combat
   769 | D:2      | Noticed Terence
   772 | D:2      | HP: 1/20 [constriction (1)]
   773 | D:2      | Succumbed to an adder's poison

Illustrated notes

Levels and vault maps discovered:
D:1:      dpeg_arrival_oval, layout_rooms, basic_ecumenical_altar,
          hangedman_feature_mirror, amcnicky_mini_corridor_feature,
          dreamdust_mushroom_princess, minivault_19, serial_park_tiny_2
D:2:      layout_loops_ring, serial_shops, nicolae_shop_just_a_little_nook,
          uniq_terence

Skill      XL: |  1  2  3 |
---------------+----------+-----
Shapeshifting  | 3 |  3.2
Unarmed Combat | 4 |  4.1
Fighting       | |  1.0
Dodging        | |  2.1

Action                     || total
---------------------------++-------
  Melee: Unarmed           ||    23
         Kick              ||    10
         Peck              ||     3
         Whip              ||    14
   Cast: Freeze            ||    10
   Stab: Sleeping          ||     1
 Armour: Animal skin       ||    11
  Dodge: Dodged            ||    52

Table legend: (Time is in decaauts)
 A = Elapsed time spent in this place.
 B = Non-inter-level travel time spent in this place.
 C = Inter-level travel time spent in this place.
 D = Time resting spent in this place.
 E = Time spent auto-exploring this place.
 F = Levels seen in this place.
 G = Mean time per level.
                   A        B        C        D        E       F      G
               +--------+--------+--------+--------+--------+-----+--------+
         Total |    772 |    734 |     38 |    100 |    460 |   2 |  386.0 |
       Dungeon |    772 |    734 |     38 |    100 |    460 |   2 |  386.0 |
               +--------+--------+--------+--------+--------+-----+--------+

Top non-repeatable levels by time:
     D:1: 648 daAuts
     D:2: 123 daAuts
